 Dungeon Crawl Stone Soup version 0.24-a0-616-ge2a249a (console) character file.

Game seed: 1482079447489129468, levelgen mode: deterministic

43 vegansnacktivist the Scratcher (level 3, 0/17 HPs)
             Began as a Felid Transmuter on Sept 15, 2019.
             Slain by an adder (3 damage)
             ... on level 2 of the Dungeon.
             The game lasted 00:02:18 (2088 turns).

vegansnacktivist the Scratcher (Felid Transmuter)   Turns: 2088, Time: 00:02:19

Health: 0/17       AC:  1    Str:  7    XL:     3   Next: 37%
Magic:  6/7        EV: 18    Int: 14    God:
Gold:   4          SH:  0    Dex: 16    Spells: 0/6 levels left
                                        Lives:  0   Deaths: 0

rFire    . . .     SeeInvis +     - Unarmed
rCold    . . .     Gourm    .   (shield unavailable)
rNeg     . . .     Faith    .   (armour unavailable)
rPois    .         Spirit   .   (helmet unavailable)
rElec    .         Reflect  .   (cloak unavailable)
rCorr    .         Harm     .   (gloves unavailable)
MR       .....                  (boots unavailable)
Stlth    ++........             (no amulet)
HPRegen  0.05/turn              (no ring)
MPRegen  0.10/turn              (no ring)

@: appendage, quick
A: very small, no armour, no weapons or thrown items, stealth, claws 1, fangs 3,
horns 2, see invisible, carnivore, speed 1, shaggy fur 1, slow metabolism 1,
sharp paws
a: End Transformation


You were on level 2 of the Dungeon.
You were very full.
You had grown temporary horns.
You visited 1 branch of the dungeon, and saw 3 of its levels.

You collected 4 gold pieces.

Inventory:

Missiles
 a - 12 arrows
Jewellery
 i - an uncursed ring of poison resistance {unknown}
Scrolls
 b - 2 scrolls of immolation {unknown}
 d - a scroll of amnesia {unknown}
 e - 2 scrolls of identify {unknown}
 f - a scroll of teleportation {unknown}
 g - a scroll of remove curse {unknown}
 h - a scroll of fog {unknown}
Comestibles
 c - a ration


   Skills:
 - Level 3.0 Fighting
 - Level 2.6 Dodging
 + Level 1.7 Stealth
 - Level 3.0 Unarmed Combat
 - Level 2.0 Spellcasting
 - Level 2.1 Transmutations


You couldn't memorise any spells.
You knew the following spells:

 Your Spells              Type           Power        Failure   Level  Hunger
a - Beastly Appendage     Tmut           #.....       10%         1    ##.....
b - Sticks to Snakes      Tmut           #.......     14%         2    ###....
c - Spider Form           Tmut/Pois      #.........   41%         3    ####...

Your spell library contained the following spells:

 Spells                   Type           Power        Failure   Level  Hunger
 Ice Form                 Ice/Tmut       #.......     83%         4    #####..
 Blade Hands              Tmut           #.........   95%         5    ######.


Dungeon Overview and Level Annotations

Branches:
Dungeon (3/15)

Altars:


Innate Abilities, Weirdness & Mutations

You cannot wear armour.
You are incapable of wielding weapons or throwing items.
Your paws allow you to move quietly. (Stealth)
You have sharp claws.
You have razor-sharp teeth.
You have supernaturally acute eyesight. (SInv)
You are carnivorous and can eat meat at any time.
You cover ground quickly.
You are covered in fur. (AC +1)
You have a slow metabolism.
Your sharp claws are effective at attacking unaware monsters.
You have a pair of horns on your head.


Message History

An adder comes into view.
An adder is nearby!
An adder is nearby!
The adder hisses angrily.
You closely miss the adder. The adder bites you. x2
You barely miss the adder. The adder bites you.
You scratch the adder. You bite the adder, but do no damage.
The adder is lightly wounded.
The adder barely misses you.
You miss the adder.
The adder is lightly wounded.
The adder bites you.
Casting: Beastly Appendage (safe; 10% risk of failure)
Confirm with . or Enter, or press ? or * to list all spells.
You grow a pair of large bovine horns.
The adder bites you. x2
* * * LOW HITPOINT WARNING * * *
You closely miss the adder.
The adder is lightly wounded.
The adder bites you.
You die...

.... #.# #.#.# #. ....
### #...#######. ..##
#########...#.......
..# #
#..........>##.####.
..# #.#.#######...#..#
#. ..#
#####.#.###########..#
##
.....................#
#####.#.###########.K#
#.#..@.# #..# # #.##S#
#.#.g# #.. ... ..#..#
### .######.#..# ..
..#(#..# .# #.#.#..#
..## #.#.#..# ...
#.#.#..#####
...####.#.........


You could see an adder.

Vanquished Creatures
  3 dart slugs (D:1)
  2 leopard geckos (D:2)
  7 bats
  A giant cockroach (D:1)
  2 goblins (D:2)
  3 hobgoblins (D:1)
  5 jackals
  3 frilled lizards
  6 kobolds
  A rat (D:1)
33 creatures vanquished.

Notes
Turn   | Place    | Note
-------+----------+-------------------------------------------
     0 | D:1      | vegansnacktivist the Felid Transmuter began the quest for
                  | the Orb.
     0 | D:1      | Reached XP level 1. HP: 9/9 MP: 4/4
    61 | D:1      | Reached XP level 2. HP: 8/13 MP: 6/6
    82 | D:1      | Learned a level 2 spell: Sticks to Snakes
  1278 | D:2      | Reached XP level 3. HP: 1/17 MP: 5/7
  1619 | D:1      | Learned a level 3 spell: Spider Form
  1765 | D:2      | Reached skill level 1 in Stealth
  1897 | D:2      | Noticed an ice beast
  2088 | D:2      | Slain by an adder

Levels and vault maps discovered:
D:1:      ebering_hopf_link, layout_loops_ring
D:2:      layout_basic
D:3:      layout_basic, fedhas_altar_4

Skill      XL: |  1  2  3 |
---------------+----------+-----
Fighting       | 2 3 |  3.0
Stealth        | 1 |  1.7
Dodging        | |  2.6
Unarmed Combat | |  3.0
Spellcasting   | |  2.0
Transmutations | |  2.1

Action                   || total
-------------------------++-------
Melee: Unarmed           ||   116
       Bite              ||     9
       Headbutt          ||     1
       Punch             ||     1
 Cast: Beastly Appendage ||    11
 Stab: Sleeping          ||     5
  Eat: Chunk             ||     8
Armor: Skin              ||     8
Dodge: Dodged            ||    96

Table legend:
 A = Non-vault XP
 B = Vault XP
 C = Vault XP percentage of total XP
 D = Non-vault monster count
 E = Vault monster count
 F = Vault count percentage of total count
                 A         B        C        D         E       F
            +---------+---------+-------+---------+---------+-------
      Total |      62 |       0 |   0.0 |      33 |       0 |   0.0
            +---------+---------+-------+---------+---------+-------
        D:1 |      39 |       0 |   0.0 |      20 |       0 |   0.0
        D:2 |      23 |       0 |   0.0 |      13 |       0 |   0.0
            +---------+---------+-------+---------+---------+-------
